 Dungeon Crawl Stone Soup version 0.23.0-3-gf3c87f2 (webtiles) character file.

Game seed: 4777129693859741813

1431 wazzat the Covert (level 8, -2/52 HPs)
             Began as an Octopode Assassin on Feb 24, 2019.
             Slain by a mummy (9 damage)
             ... on level 7 of the Dungeon.
             The game lasted 00:18:50 (5636 turns).

wazzat the Covert (Octopode Assassin)               Turns: 5636, Time: 00:18:51

Health: -2/52      AC:  1    Str: 10    XL:     8   Next: 73%
Magic:  9/9        EV: 14    Int: 14    God:
Gold:   305        SH:  0    Dex: 15    Spells: 6/8 levels left

rFire    . . .     SeeInvis +   G - +9 war axe of the Final Decision {chop, *Contam +Rage SInv}
rCold    . . .     Gourm    .   (no shield)
rNeg     + . .     Faith    .   (helmet restricted)
rPois    +         Spirit   .   (no amulet)
rElec    .         Reflect  .   A - ring of resist corrosion
rCorr    +         Harm     .   y - ring of positive energy
MR       .....                  z - ring of poison resistance
Stlth    ++++++....             (no ring)
HPRegen  0.17/turn              (no ring)
MPRegen  0.11/turn              (no ring)
                                (no ring)
                                (no ring)

@: very slightly contaminated
A: almost no armour, stealthy swim, amphibious, 8 rings, constrict 8, camouflage
1, gelatinous body 1
a: Evoke Berserk Rage


You were on level 7 of the Dungeon.
You were hungry.

You visited 1 branch of the dungeon, and saw 7 of its levels.

You collected 305 gold pieces.

Inventory:

Hand Weapons
 a - a +2 dagger
 b - a +0 blowgun
 D - a +2 short sword of venom
 F - a +2 falchion of draining
 G - the +9 war axe of the Final Decision (weapon) {chop, *Contam +Rage SInv}
   (You found it on level 5 of the Dungeon)

   It inflicts extra damage upon your enemies.
   It lets you see invisible.
   It lets you go berserk.
   It causes magical contamination when unequipped.
Missiles
 c - 44 poisoned needles
 d - 2 curare-tipped needles
 h - 176 stones (quivered)
Jewellery
 e - an uncursed ring of ice
 y - a ring of positive energy (right tentacle)
 z - a ring of poison resistance (on tentacle)
 A - a ring of resist corrosion (left tentacle)
Wands
 p - a wand of polymorph (13)
 v - a wand of clouds (6)
 B - a wand of random effects (7)
Scrolls
 k - a scroll of enchant armour
 n - 3 scrolls of remove curse
 s - 2 scrolls of identify
 w - 5 scrolls of teleportation {unknown}
 C - 2 scrolls of fog {unknown}
 E - 2 scrolls of amnesia {unknown}
 H - 3 scrolls of enchant weapon {unknown}
 M - a scroll of vulnerability {unknown}
 N - a scroll of summoning {unknown}
 O - a scroll of brand weapon {unknown}
Potions
 g - 2 potions of ambrosia
 i - 2 potions of curing
 j - a potion of resistance {unknown}
 m - 2 potions of might
 o - a potion of heal wounds {unknown}
 q - a potion of agility {unknown}
 u - a potion of flight {unknown}
 x - a potion of berserk rage {unknown}
 I - a potion of cancellation {unknown}
 J - a potion of haste {unknown}
 K - a potion of lignification {unknown}
 L - a potion of invisibility
Comestibles
 f - 15 rations


   Skills:
 + Level 3.5 Fighting
 - Level 4.8 Short Blades
 * Level 4.1 Axes
 - Level 2.0 Throwing
 + Level 2.2 Dodging
 + Level 11.1 Stealth
 * Level 0.5 Spellcasting
 * Level 0.5 Hexes
 * Level 2.2 Evocations


You had 6 spell levels left.
You knew the following spells:

 Your Spells              Type           Power        Failure   Level  Hunger
a - Confusing Touch       Hex            #.....       22%         1    ##.....
b - Animate Skeleton      Necr           N/A          28%         1    ##.....

Your spell library contained the following spells:

 Spells                   Type           Power        Failure   Level  Hunger
 Apportation              Tloc           #.....       28%         1    ##.....
 Summon Small Mammal      Summ           #...         28%         1    ##.....


Dungeon Overview and Level Annotations

Branches:
Dungeon (7/15)             Temple (0/1) D:7

Altars:
Gozag
Nemelex Xobeh
Okawaru
The Shining One

Portals:
Ossuary: D:7

Annotations:
D:4 exclusion: downstairs


Innate Abilities, Weirdness & Mutations

You cannot wear most types of armour.
You are very stealthy in the water. (Stealth+)
You are amphibious.
You can wear up to eight rings at the same time.
You can use your tentacles to constrict eight enemies at once.
Your skin changes colour to match your surroundings (Stealth+).
Your rubbery body absorbs attacks. (AC +1, EV +1)


Message History

The killer bee barely misses you.
You miss the killer bee. Your grab misses the killer bee.
You squeeze the killer bee.
The killer bee is severely wounded.
The killer bee closely misses you.
You slash the killer bee!
You kill the killer bee!
Your Axes skill increases to level 4!
You open the door.
A mummy comes into view.
You flicker back into view.
The killer bee buzzes angrily.
You hear an angry buzzing noise.
Found a sand-covered staircase.
The killer bee misses you. The killer bee barely misses you.
There is an open door here.
The killer bee stings you but does no damage.
The killer bee stings you.
* * * LOW HITPOINT WARNING * * *
The mummy hits you!
You die...

#....####.##.#
##.#......##.# ######
#....###..##.####....#
.##.## #..#...##..#..##
.##.# #.........##...#
.##.# *#.#.....###.#.#
.##.#####.##...##.#.#.#
...........#..##.y#.#,#
..#.#####.[#.##∩@M'.#,*
...........#..##..#.#,*
..#............##.#.#,*
.#########.###..###..,*
.# ***#.#*#.y.##...* !#
*,,..##.#.yy#.#.# .#
*,####.###ys..#.# .#
*,,,..#* ##.###.# .#
***###,***,## *,*


You could see a mummy and a killer bee.

Vanquished Creatures
  Grinder (D:5)
  A sky beast (D:5)
  A phantom (D:7)
  A bullfrog (D:6)
  2 scorpions
  2 killer bees (D:7)
  A howler monkey (D:7)
  2 crimson imps (D:5)
  A bullfrog zombie (D:7)
  2 jellies (D:6)
  2 orc priests
  3 hounds
  An iguana (D:6)
  3 orc wizards
  3 worker ants
  A worker ant zombie (D:5)
  9 adders
  3 gnolls (D:4)
  2 shadow imps
  2 worms
  3 dart slugs
  7 leopard geckos
  19 orcs
  2 ball pythons
  10 bats
  5 giant cockroaches
  7 hobgoblins
  5 jackals
  4 quokkas
  4 frilled lizards
  12 goblins
  A jackal skeleton (D:4)
  6 kobolds
  10 rats
138 creatures vanquished.

Notes
Turn   | Place    | Note
-------+----------+-------------------------------------------
     0 | D:1      | wazzat the Octopode Assassin began the quest for the Orb.
     0 | D:1      | Reached XP level 1. HP: 14/14 MP: 1/1
   197 | D:1      | Reached XP level 2. HP: 19/19 MP: 2/2
   365 | D:1      | Reached skill level 6 in Stealth
   763 | D:2      | Reached XP level 3. HP: 21/24 MP: 3/3
  1159 | D:2      | You fall through a shaft for 2 floors!
  1521 | D:3      | Reached skill level 7 in Stealth
  1521 | D:3      | Reached XP level 4. HP: 29/29 MP: 4/4
  1620 | D:3      | Found a glowing golden altar of the Shining One.
  1966 | D:3      | Reached skill level 8 in Stealth
  1966 | D:3      | Reached XP level 5. HP: 35/35 MP: 5/5
  2329 | D:2      | Found an iron altar of Okawaru.
  3106 | D:4      | Reached XP level 6. HP: 29/41 MP: 6/6
  3231 | D:4      | Reached skill level 9 in Stealth
  3514 | D:5      | Entered Level 5 of the Dungeon
  3514 | D:5      | Noticed Grinder
  3624 | D:5      | Noticed a sky beast
  3642 | D:5      | Killed a sky beast
  3642 | D:5      | Reached XP level 7. HP: 34/45 MP: 7/7
  3870 | D:5      | Reached skill level 10 in Stealth
  4002 | D:5      | Paralysed by Grinder for 2 turns
  4003 | D:5      | Killed Grinder
  4198 | D:5      | Got a twisted war axe
  4199 | D:5      | Identified the +9 war axe of the Final Decision {chop,
                  | *Contam +Rage SInv} (You found it on level 5 of the
                  | Dungeon)
  4235 | D:5      | Reached XP level 8. HP: 47/52 MP: 8/8
  4515 | D:6      | Found a sparkling altar of Nemelex Xobeh.
  4698 | D:6      | Reached skill level 1 in Axes
  4926 | D:6      | Reached skill level 11 in Stealth
  4926 | D:6      | Reached skill level 1 in Evocations
  4989 | D:6      | Found an opulent altar of Gozag.
  5479 | D:7      | Learned a level 1 spell: Confusing Touch
  5481 | D:7      | Learned a level 1 spell: Animate Skeleton
  5633 | D:7      | Found a sand-covered staircase.
  5636 | D:7      | Slain by a mummy

Skill      XL: |  1  2  3  4  5  6  7  8 |
---------------+-------------------------+-----
Stealth        | 6 7 8 9 10 11 | 11.1
Short Blades   | 3 4 |  4.8
Fighting       | 3 |  3.5
Dodging        | 2 |  2.2
Axes           | 4 |  4.1
Evocations     | 2 |  2.2
Throwing       | |  2.0
Spellcasting   | |  0.5
Hexes          | |  0.5

Action                   |  1- 3 |  4- 6 |  7- 9 || total
-------------------------+-------+-------+-------++-------
Melee: Dagger            |    54 |    62 |       ||   116
       Tentacles         |     7 |    20 |    17 ||    44
       Constrict         |    11 |    17 |    22 ||    50
       Short sword       |       |    39 |    49 ||    88
       War axe           |       |       |    51 ||    51
Throw: Stone             |     3 |    15 |       ||    18
  Use: Scroll            |       |       |    10 ||    10
       Potion            |       |       |     1 ||     1
 Stab: Sleeping          |    19 |    21 |    13 ||    53
       Distracted        |     1 |       |     2 ||     3
  Eat: Chunk             |     2 |     6 |     6 ||    14
Armor: Skin              |     1 |     4 |     6 ||    11
Dodge: Dodged            |    20 |    35 |    69 ||   124
